Map: Eternal Empire LE

Players

Nina - Winner!

  • Race: Protoss Protoss
  • League: Grandmaster
  • Spawn Location: 7:00

Robbie (Rob)

  • Race: Protoss Protoss
  • League: Grandmaster
  • Spawn Location: 1:00

Event: The Miserable Cup

VOD

Have the link to the VOD?

Description

Time

  • Played on: June 21, 2020, 3:40 p.m.
  • Length: 11:29

All games in this series

Show
View Real Time Build Order
Export as new Build Order

Nina Protoss - Winner!

Build Orders:  

Get SALT Encoding   

  12  0:01  Probe  
  13  0:13  Probe  
  14  0:17  Pylon  
  14  0:25  Probe  
  15  0:35  Probe  
  15  0:39  Gateway  
  16  0:43  Probe  
  17  0:52  Probe  
  18  1:01  Gateway  
  18  1:03  Probe  
  18  1:10  Assimilator  
  19  1:11  Probe  
  19  1:18  Assimilator  
  20  1:20  Probe  
  21  1:27  Cybernetics Core  
  21  1:35  Probe  
  21  1:39  Pylon  
  22  1:47  Probe  
  23  1:59  Probe  
  24  2:03  Stalker  
  24  2:04  Stalker  
  28  2:11  Probe  
  28  2:13  Warp Gate  
  29  2:16  Pylon  
  29  2:34  Stalker x2  
  33  2:57  Nexus  
  33  3:01  Probe  
  34  3:07  Sentry  
  34  3:10  Sentry  
  38  3:13  Pylon  
  38  3:15  Probe  
  39  3:30  Shield Battery  
  39  3:31  Probe  
  40  3:38  Robotics Facility  
  40  3:42  Probe  
  41  3:50  Probe  
  42  3:58  Probe  
  42  4:01  Stalker x2  
  47  4:06  Pylon  
  48  4:15  Probe, Shield Battery  
  49  4:24  Shield Battery  
  48  4:25  Pylon  
  48  4:27  Stalker  
  48  4:30  Sentry  
  52  4:32  Immortal  
  56  4:48  Probe x2  
  56  4:52  Stalker  
  60  4:59  Stalker  
  58  5:12  Shield Battery  
  58  5:13  Shield Battery  
  58  5:17  Immortal  
  59  5:22  Stalker  
  58  5:30  Stalker  
  58  5:34  Probe  
  51  5:39  Probe  
  47  5:44  Probe  
  47  5:48  Probe  
  47  5:49  Sentry  
  50  5:52  Probe  
  50  5:56  Probe  
  52  6:01  Probe  
  53  6:09  Warp Prism  
  56  6:12  Probe  
  56  6:14  Sentry  
  56  6:17  Probe  
  60  6:22  Pylon  
  60  6:24  Probe  
  59  6:33  Stalker  
  60  6:45  Probe  
  61  6:54  Probe  
  62  6:56  Sentry x2  
  62  6:57  Probe  
  67  7:06  Probe  
  67  7:07  Warp Prism, Gateway  
  68  7:09  Probe  
  68  7:11  Twilight Council  
  68  7:14  Gateway  
  63  7:18  Probe  
  66  7:24  Stalker  
  64  7:41  Stalker  
  66  7:45  Pylon  
  66  7:46  Immortal  
  66  7:48  Pylon  
  70  7:53  Pylon  
  68  8:04  Probe  
  65  8:10  Probe  
  66  8:16  Probe  
  66  8:17  Zealot x4  
  75  8:28  Immortal  
  75  8:30  Probe  
  75  8:33  Assimilator  
  78  8:39  Stalker x3  
  84  8:45  Assimilator  
  82  9:03  Stalker x3  
  76  9:35  Stalker x3  
  66  9:45  Stalker  
  64  9:46  Immortal  
  64  9:51  Gateway x2  
  68  10:00  Stalker x2  
  70  10:18  Pylon  
  70  10:20  Stalker  
  72  10:25  Warp Prism  
  72  10:28  Stalker  
  68  10:44  Stalker x3  
  68  10:48  Adept x2  
  78  10:55  Observer  
  79  11:08  Nexus  
  79  11:10  Pylon  
Show
View Real Time Build Order
Export as new Build Order

Robbie Protoss 

Build Orders:  

Get SALT Encoding   

  12  0:00  Probe  
  13  0:12  Probe  
  14  0:17  Pylon  
  14  0:24  Probe  
  15  0:32  Probe  
  15  0:36  Gateway  
  15  0:40  Probe  
  16  0:48  Assimilator  
  17  0:51  Probe  
  17  0:55  Assimilator  
  18  1:03  Probe  
  19  1:11  Gateway  
  19  1:12  Probe  
  20  1:20  Probe  
  21  1:29  Cybernetics Core  
  21  1:33  Probe  
  22  1:43  Pylon  
  22  1:45  Probe  
  23  2:01  Probe  
  23  2:04  Stalker x2  
  23  2:05  Warp Gate  
  28  2:13  Pylon  
  28  2:31  Robotics Facility  
  28  2:34  Stalker  
  30  2:39  Stalker  
  32  3:06  Immortal  
  32  3:14  Gateway  
  36  3:28  Pylon  
  35  3:36  Immortal  
  39  3:53  Stalker  
  39  3:55  Stalker  
  43  4:03  Pylon  
  43  4:05  Warp Prism  
  45  4:21  Sentry  
  45  4:22  Sentry  
  45  4:23  Sentry  
  51  4:31  Pylon  
  51  4:33  Probe  
  52  5:01  Stalker  
  52  5:02  Stalker x2  
  56  5:26  Stalker x3  
  54  5:34  Warp Prism  
  32  5:52  Robotics Bay  
  32  5:59  Adept x2  
  36  6:09  Stalker  
  38  6:24  Zealot x2  
  42  6:33  Disruptor  
  42  6:46  Stalker  
  43  6:47  Zealot  
  43  6:54  Stalker  
  47  7:20  Stalker x3  
  53  7:23  Pylon  
  53  7:37  Disruptor  
  53  8:09  Nexus  
  53  8:10  Disruptor  
  56  8:28  Probe  
  58  8:47  Stalker x3  
  58  9:25  Stalker x3  
  50  9:41  Disruptor  
  50  9:48  Zealot  
  50  9:51  Zealot  
  50  9:52  Stalker  
  59  10:17  Disruptor  
  54  10:49  Probe  
  52  10:53  Disruptor  
  55  11:12  Nexus  
Tags
 
Add a new tag
Caveats
  • Supply blocks, unpowered buildings, or Contaminate may cause inaccurate times.
  • Supply counts are checked every 10 seconds.